WCHLSIM.com - West Coast Hockey League
html PUBLIC "-//W3C//DTD XHTML 1.0 Transitional//EN" "http://www.w3.org/TR/xhtml1/DTD/xhtml1-transitional.dtd"> WCHL - Game 519 - EDMONTON ICE vs LONG BEACH BARACUDAS

EDMONTON ICE vs LONG BEACH BARACUDAS

Created - 25 décembre 2023 at 09:41

Goals
1 2 3 T
EDMONTON ICE 1 0 1 2
LONG BEACH BARACUDAS 1 1 2 4
Shots
1 2 3 T
EDMONTON ICE 9 13 7 29
LONG BEACH BARACUDAS 7 8 9 24

1st period

1. EDMONTON ICE , Dawson Mercer 10 (Scott Laughton 20, Gustav Nyquist 12) at 4:48 (PP)
2. LONG BEACH BARACUDAS , Taylor Hall 8 (Teuvo Teravainen 15, Andreas Athanasiou 5) at 18:13

Penalties :
Matt Irwin (LOB) for Tripping (Minor) at 2:50, Alexander Romanov (LOB) for Fighting (Major) at 18:28, Justin Barron (EDM) for Fighting (Major) at 18:28, Calvin De Haan (LOB) for Elbowing (Minor) at 18:28, Kyle Connor (LOB) for High sticking (Minor) at 18:28, Alex Tuch (EDM) for Roughing (Minor) at 18:28, Jack Eichel (EDM) for Slashing (Minor) at 18:28, Mark Stone (LOB) for Hooking (Minor) at 18:28

2nd period

3. LONG BEACH BARACUDAS , Ryan O'Reilly 12 (Calvin De Haan 7) at 16:38

Penalties :
Matt Irwin (LOB) for Holding (Minor) at 1:42

3rd period

4. LONG BEACH BARACUDAS , Mark Stone 26 (Kyle Connor 24, William Karlsson 29) at 4:12
5. EDMONTON ICE , Scott Laughton 16 (Thomas Novak 8) at 5:50
6. LONG BEACH BARACUDAS , Jaden Schwartz 10 (Andreas Athanasiou 6, Teuvo Teravainen 16) at 17:10

Penalties :
Scott Laughton (EDM) for Goalie Interference (Minor) at 18:32

Goalie Stats

Jonathan Quick (EDM), 20 saves from 24 shots - (0,833), L, 0-2-0, 60:00 minutes
Pyotr Kochetkov (LOB), 27 saves from 29 shots - (0,931), W, 12-10-2, 60:00 minutes

Players Stats for EDMONTON ICE

Player Name              G  A  P  +/- PIM S  H  SB GA TA FO     MP     PP MP  PK MP  
------------------------------------------------------------------------------------
Alex Tuch                0  0  0   0  2   5  1  0  0  0  0/2    20:08   0:52   0:00 
Anthony Beauvillier      0  0  0   0  0   3  0  0  0  0  0/0    18:05   0:52   0:00 
Anthony Mantha           0  0  0   0  0   0  1  0  0  0  0/1    12:40   0:00   0:00 
Anton Lundell            0  0  0   0  0   1  0  0  0  0  3/7     5:56   0:00   1:23 
Dawson Mercer            1  0  1   0  0   3  0  1  0  0  6/10   15:35   1:20   0:04 
Evgeny Dadonov           0  0  0  -3  0   3  0  0  0  0  1/3    18:24   0:00   0:04 
Gustav Nyquist           0  1  1   0  0   2  0  1  0  0  1/2    22:08   1:20   0:00 
Jack Eichel              0  0  0   0  2   4  1  0  0  0  16/24  20:08   0:52   0:00 
Jarred Tinordi           0  0  0  -2  0   0  1  1  0  0  0/0    15:50   0:00   0:44 
Joshua Mahura            0  0  0  -1  0   0  0  1  0  0  0/0     6:05   0:00   0:00 
Justin Barron            0  0  0   1  5   0  1  2  0  0  0/0    14:28   1:06   0:00 
Michael Matheson         0  0  0  -1  0   1  1  0  0  0  0/0    23:08   1:06   0:43 
Ryan Graves              0  0  0   0  0   0  2  2  0  0  0/0    21:37   1:06   0:44 
Scott Laughton           1  1  2  -3  2   4  3  0  0  0  0/0    19:11   1:20   0:00 
Shea Theodore            0  0  0  -1  0   0  0  1  0  0  0/0    22:34   1:06   0:00 
Tanner Jeannot           0  0  0   0  0   0  2  0  0  0  0/0     5:56   0:00   1:23 
Thomas Novak             0  1  1  -3  0   1  0  0  0  0  9/26   18:20   0:00   0:00 
Zach Whitecloud          0  0  0  -2  0   2  1  2  0  0  0/0    16:17   0:00   0:43 

Players Stats for LONG BEACH BARACUDAS

Player Name              G  A  P  +/- PIM S  H  SB GA TA FO     MP     PP MP  PK MP  
------------------------------------------------------------------------------------
Alexander Romanov        0  0  0   1  5   1  5  1  0  0  0/0    20:25   0:37   0:56 
Andreas Athanasiou       0  2  2   2  0   1  2  0  0  0  2/3    12:45   0:00   0:00 
Anton Stralman           0  0  0   1  0   0  0  0  0  0  0/0    20:39   0:50   1:41 
Calvin De Haan           0  1  1   2  2   0  2  0  0  0  0/0    18:45   0:00   0:31 
Cody Glass               0  0  0   0  0   0  0  0  0  0  0/0     0:00   0:00   0:00 
Derek Stepan             0  0  0   0  0   1  1  0  0  0  4/7     5:57   0:00   0:38 
Jaden Schwartz           1  0  1   2  0   3  0  1  0  0  2/5    20:14   0:37   2:18 
Justin Braun             0  0  0   0  0   0  0  3  0  0  0/0    21:42   0:07   2:22 
Kyle Connor              0  1  1   0  2   5  1  0  0  0  1/1    20:26   0:50   0:00 
Mark Stone               1  0  1   0  2   2  1  0  0  0  1/1    21:24   0:37   1:11 
Matt Irwin               0  0  0   1  4   0  2  0  0  0  0/0    17:51   0:43   0:53 
Peyton Krebs             0  0  0   0  0   0  0  0  0  0  0/0     5:19   0:00   0:00 
Ryan O'Reilly            1  0  1   1  0   2  0  0  0  0  14/18  18:23   0:50   0:52 
Scott Harrington         0  0  0   1  0   0  1  0  0  0  0/0    19:32   0:37   1:59 
Seth Jarvis              0  0  0   1  0   2  0  0  0  0  1/1    22:37   0:37   0:00 
Taylor Hall              1  0  1   1  0   3  1  0  0  0  0/1    13:13   0:00   0:04 
Teuvo Teravainen         0  2  2   2  0   2  0  0  0  0  2/13   14:55   0:50   1:20 
William Karlsson         0  1  1   0  0   2  0  0  0  0  12/25  19:37   0:00   0:00 

3 Stars

1 - Andreas Athanasiou (LOB)
2 - Jaden Schwartz (LOB)
3 - Teuvo Teravainen (LOB)

Power Play

EDMONTON ICE - 1 on 3 Attempt(s) - 33,33%
LONG BEACH BARACUDAS - 0 on 1 Attempt(s) - 0,00%

Penalty Kill

EDMONTON ICE - 1 on 1 Attempt(s) - 100,00% - Score 0 goal in Penalty Kill
LONG BEACH BARACUDAS - 2 on 3 Attempt(s) - 66,67% - Score 0 goal in Penalty Kill

Team Stat

EDMONTON ICE - Hits : 14 - Faceoff Wins : 36 - Blocked Shots : 11 - Penalty Minutes : 11
LONG BEACH BARACUDAS - Hits : 16 - Faceoff Wins : 39 - Blocked Shots : 5 - Penalty Minutes : 15

Official

Referees : Francois St-Laurent and Tom Chmielewski
Linesman : Ryan Gibbons and Brent Colby

Game Notes

General Fight at 18:28 of 1st period
Alexander Romanov and Justin Barron fight to a draw at 18:28 of 1st period

Finance

Level 1 -- Attendance: 5612 (79,04%) -- Ticket Income 1 094 340 $
Level 2 -- Attendance: 5925 (100,00%) -- Ticket Income 687 300 $
Level 3 -- Attendance: 3244 (80,10%) -- Ticket Income 275 740 $
Level 4 -- Attendance: 5971 (90,81%) -- Ticket Income 328 405 $
Luxury Box -- Attendance: 1016 (75,26%) -- Ticket Income 330 200 $
Game was played at the MONSTER ENERGY CENTER.
Total Attendance: 21768 (87,07%)
Total Ticket Income: 2 715 985 $
Other Expense: 27 160 $
Total Income: 2 688 825 $

EDMONTON ICE

5 vs 5 Forward 
   Center                   Left Wing                Right Wing               Time % Phy DF OF 
 1 Jack Eichel              Gustav Nyquist           Alex Tuch                36     0   2  3  
 2 Thomas Novak             Scott Laughton           Evgeny Dadonov           33     1   2  2  
 3 Dawson Mercer            Anthony Beauvillier      Anthony Mantha           24     1   3  1  
 4 Anton Lundell            Anthony Beauvillier      Tanner Jeannot           7      0   3  2  

5 vs 5 Defense 
   Defense                  Defense                                           Time % Phy DF OF 
 1 Shea Theodore            Michael Matheson                                  37     1   2  2  
 2 Justin Barron            Ryan Graves                                       32     0   3  2  
 3 Zach Whitecloud          Jarred Tinordi                                    23     0   4  1  
 4 Ryan Graves              Joshua Mahura                                     8      0   3  2  

PowerPlay Forward 
   Center                   Left Wing                Right Wing               Time % Phy DF OF 
 1 Jack Eichel              Anthony Beauvillier      Alex Tuch                60     1   2  2  
 2 Dawson Mercer            Scott Laughton           Gustav Nyquist           40     1   2  2  

PowerPlay Defense
   Defense                  Defense                                           Time % Phy DF OF 
 1 Shea Theodore            Michael Matheson                                  60     0   2  3  
 2 Ryan Graves              Justin Barron                                     40     0   2  3  

Penalty Kill 4 Players Forward 
   Center                   Wing                     Time % Phy DF OF 
 1 Anton Lundell            Tanner Jeannot           60     0   5  0  
 2 Scott Laughton           Evgeny Dadonov           40     0   5  0  

Penalty Kill 4 Players Defense
   Defense                  Defense                  Time % Phy DF OF 
 1 Michael Matheson         Zach Whitecloud          60     0   5  0  
 2 Jarred Tinordi           Ryan Graves              40     0   5  0  

Penalty Kill - 3 Players Forward 
   Forward                                           Time % Phy DF OF 
 1 Anton Lundell                                     55     0   4  1  
 2 Thomas Novak                                      45     0   4  1  

Penalty Kill - 3 Players Defense
   Defense                  Defense                  Time % Phy DF OF 
 1 Zach Whitecloud          Ryan Graves              55     0   5  0  
 2 Michael Matheson         Jarred Tinordi           45     0   5  0  

4 vs 4 Forward 
   Center                   Wing                     Time % Phy DF OF 
 1 Dawson Mercer            Gustav Nyquist           55     1   2  2  
 2 Thomas Novak             Evgeny Dadonov           45     1   2  2  

4 vs 4 Defense
   Defense                  Defense                  Time % Phy DF OF 
 1 Shea Theodore            Michael Matheson         55     1   2  2  
 2 Zach Whitecloud          Justin Barron            45     1   2  2  

Last Minutes Offensive
   Center                   Left Wing                Right Wing               Defense                  Defense                  
   Jack Eichel              Scott Laughton           Alex Tuch                Shea Theodore            Michael Matheson         

Last Minutes Defensive
   Center                   Left Wing                Right Wing               Defense                  Defense                  
   Scott Laughton           Gustav Nyquist           Alex Tuch                Shea Theodore            Michael Matheson         

Goaltenders
Starting : Jonathan Quick           
Backup : Vitek Vanecek            

Extra Forwards
Normal : Dawson Mercer, Anthony Beauvillier, Anton Lundell - PP : Thomas Novak, Dawson Mercer - PK : Dawson Mercer
Extra Defensemen
Normal : Shea Theodore, Justin Barron, Ryan Graves - PP : Justin Barron - PK : Ryan Graves, Shea Theodore
Penalty Shots
Alex Tuch, Jack Eichel, Thomas Novak, Dawson Mercer, Gustav Nyquist
Custom OT Lines Forwards
Alex Tuch, Jack Eichel, Scott Laughton, Gustav Nyquist, Dawson Mercer, Thomas Novak, Anthony Beauvillier, Anton Lundell, Evgeny Dadonov, Anthony Mantha
Custom OT Lines Defensemen
Shea Theodore, Michael Matheson, Ryan Graves, Zach Whitecloud, Justin Barron

Scratches
Austin Watson (Healthy), Jonas Brodin (Strained Right Elbow Injury)

LONG BEACH BARACUDAS

5 vs 5 Forward 
   Center                   Left Wing                Right Wing               Time % Phy DF OF 
 1 William Karlsson         Kyle Connor              Mark Stone               38     0   2  3  
 2 Ryan O'Reilly            Jaden Schwartz           Seth Jarvis              34     0   2  3  
 3 Teuvo Teravainen         Taylor Hall              Andreas Athanasiou       18     0   2  3  
 4 Derek Stepan             Peyton Krebs             Seth Jarvis              10     0   2  3  

5 vs 5 Defense 
   Defense                  Defense                                           Time % Phy DF OF 
 1 Calvin De Haan           Alexander Romanov                                 36     0   3  2  
 2 Justin Braun             Anton Stralman                                    31     0   3  2  
 3 Matt Irwin               Scott Harrington                                  23     0   3  2  
 4 Justin Braun             Alexander Romanov                                 10     0   3  2  

PowerPlay Forward 
   Center                   Left Wing                Right Wing               Time % Phy DF OF 
 1 Seth Jarvis              Jaden Schwartz           Mark Stone               55     0   1  4  
 2 Ryan O'Reilly            Kyle Connor              Teuvo Teravainen         45     0   1  4  

PowerPlay Defense
   Defense                  Defense                                           Time % Phy DF OF 
 1 Alexander Romanov        Scott Harrington                                  55     0   5  0  
 2 Justin Braun             Calvin De Haan                                    45     0   5  0  

Penalty Kill 4 Players Forward 
   Center                   Wing                     Time % Phy DF OF 
 1 Teuvo Teravainen         Mark Stone               55     0   3  2  
 2 Ryan O'Reilly            Jaden Schwartz           45     0   3  2  

Penalty Kill 4 Players Defense
   Defense                  Defense                  Time % Phy DF OF 
 1 Calvin De Haan           Alexander Romanov        55     0   4  1  
 2 Justin Braun             Scott Harrington         45     0   4  1  

Penalty Kill - 3 Players Forward 
   Forward                                           Time % Phy DF OF 
 1 Mark Stone                                        55     0   4  1  
 2 Jaden Schwartz                                    45     0   4  1  

Penalty Kill - 3 Players Defense
   Defense                  Defense                  Time % Phy DF OF 
 1 Calvin De Haan           Alexander Romanov        55     0   4  1  
 2 Justin Braun             Matt Irwin               45     0   4  1  

4 vs 4 Forward 
   Center                   Wing                     Time % Phy DF OF 
 1 Peyton Krebs             Mark Stone               55     0   2  3  
 2 Derek Stepan             Jaden Schwartz           45     0   2  3  

4 vs 4 Defense
   Defense                  Defense                  Time % Phy DF OF 
 1 Alexander Romanov        Matt Irwin               55     0   4  1  
 2 Justin Braun             Scott Harrington         45     0   4  1  

Last Minutes Offensive
   Center                   Left Wing                Right Wing               Defense                  Defense                  
   William Karlsson         Kyle Connor              Mark Stone               Justin Braun             Alexander Romanov        

Last Minutes Defensive
   Center                   Left Wing                Right Wing               Defense                  Defense                  
   Teuvo Teravainen         Jaden Schwartz           Seth Jarvis              Anton Stralman           Alexander Romanov        

Goaltenders
Starting : Pyotr Kochetkov          
Backup : Alex Lyon                

Extra Forwards
Normal : Jaden Schwartz, Teuvo Teravainen, Taylor Hall - PP : Jaden Schwartz, Seth Jarvis - PK : Jaden Schwartz
Extra Defensemen
Normal : Alexander Romanov, Calvin De Haan, Justin Braun - PP : Matt Irwin - PK : Calvin De Haan, Justin Braun
Penalty Shots
Mark Stone, Seth Jarvis, Ryan O'Reilly, Kyle Connor, Teuvo Teravainen
Custom OT Lines Forwards
Mark Stone, William Karlsson, Ryan O'Reilly, Kyle Connor, Teuvo Teravainen, Jaden Schwartz, Andreas Athanasiou, Seth Jarvis, Taylor Hall, Derek Stepan
Custom OT Lines Defensemen
Matt Irwin, Alexander Romanov, Justin Braun, Calvin De Haan, Scott Harrington

Scratches
Boris Katchouk (Healthy), Alex Pietrangelo (Lower Body Injury), Ukko-Pekka Luukkonen (Bruised Right Shoulder Injury)

% Time on Ice - EDMONTON ICE

Lines # - Real PCT - Wanted PCT - Time Play
Normal Forward
1 - 35% - 36% - 19:17
2 - 33% - 33% - 17:52
3 - 23% - 24% - 12:40
4 - 8% - 7% - 4:33
Normal Defense
1 - 36% - 37% - 19:48
2 - 27% - 32% - 14:56
3 - 28% - 23% - 15:06
4 - 8% - 8% - 4:32
PP Forward
1 - 39% - 60% - 0:52
2 - 61% - 40% - 1:20
PP Defense
1 - 50% - 60% - 1:06
2 - 50% - 40% - 1:06
PK Forward
1 - 95% - 60% - 1:23
2 - 5% - 40% - 0:04
PK Defense
1 - 49% - 60% - 0:43
2 - 51% - 40% - 0:44
PK3 Forward
1 - 0% - 55%
2 - 0% - 45%
PK3 Defense
1 - 0% - 55%
2 - 0% - 45%
44 Forward
1 - 76% - 55% - 1:31
2 - 24% - 45% - 0:28
44 Defense
1 - 76% - 55% - 1:31
2 - 24% - 45% - 0:28
Last Minute Offensive  - 0:00
Last Minute Defensive  - 0:00
Total
Forward - 60:00
Defense - 60:00

% Time on Ice - LONG BEACH BARACUDAS

Lines # - Real PCT - Wanted PCT - Time Play
Normal Forward
1 - 36% - 38% - 19:37
2 - 31% - 34% - 16:41
3 - 23% - 18% - 12:45
4 - 10% - 10% - 5:19
Normal Defense
1 - 33% - 36% - 18:07
2 - 29% - 31% - 15:44
3 - 32% - 23% - 17:19
4 - 6% - 10% - 3:12
PP Forward
1 - 43% - 55% - 0:37
2 - 57% - 45% - 0:50
PP Defense
1 - 92% - 55% - 1:20
2 - 8% - 45% - 0:07
PK Forward
1 - 61% - 55% - 1:20
2 - 39% - 45% - 0:52
PK Defense
1 - 58% - 55% - 1:16
2 - 42% - 45% - 0:56
PK3 Forward
1 - 100% - 55% - 1:59
2 - 0% - 45% - 0:00
PK3 Defense
1 - 100% - 55% - 1:59
2 - 0% - 45% - 0:00
44 Forward
1 - 0% - 55%
2 - 0% - 45%
44 Defense
1 - 0% - 55%
2 - 0% - 45%
Last Minute Offensive  - 0:00
Last Minute Defensive  - 0:00
Total
Forward - 60:00
Defense - 60:00

Play-by-Play

1st period


0:01 of 1st period - Jack Eichel wins face-off versus William Karlsson in neutral zone.
0:22 of 1st period - Shot by Alex Tuch.
0:22 of 1st period - Shot Misses the Net.
0:24 of 1st period - Shot by Michael Matheson.
0:24 of 1st period - Stopped by Pyotr Kochetkov without a rebound.
0:25 of 1st period - Ryan O'Reilly wins face-off versus Thomas Novak in LONG BEACH BARACUDAS zone.
0:56 of 1st period - Shot by Ryan O'Reilly.
0:56 of 1st period - Shot Misses the Net.
1:04 of 1st period - Shot by Seth Jarvis.
1:04 of 1st period - Shot Misses the Net.
1:44 of 1st period - Shot by Anthony Beauvillier.
1:44 of 1st period - Stopped by Pyotr Kochetkov without a rebound.
1:45 of 1st period - Jack Eichel wins face-off versus William Karlsson in LONG BEACH BARACUDAS zone.
1:45 of 1st period - Shea Theodore is hit by Alexander Romanov and loses puck.
1:51 of 1st period - Jack Eichel is hit by Alexander Romanov and loses puck.
2:07 of 1st period - Alex Tuch is hit by Alexander Romanov and loses puck.
2:29 of 1st period - Shot by Jack Eichel.
2:29 of 1st period - Shot Misses the Net.
2:31 of 1st period - Shot by Gustav Nyquist.
2:31 of 1st period - Shot Misses the Net.
2:33 of 1st period - Shot by Alex Tuch.
2:33 of 1st period - Deflect By Gustav Nyquist.
2:33 of 1st period - Stopped by Pyotr Kochetkov with a rebound.
2:50 of 1st period - Minor Penalty to Matt Irwin for Tripping.
2:51 of 1st period - Dawson Mercer wins face-off versus Teuvo Teravainen in LONG BEACH BARACUDAS zone.
3:41 of 1st period - Off-side.
3:42 of 1st period - Jack Eichel wins face-off versus Teuvo Teravainen in neutral zone.
4:48 of 1st period - Shot by Dawson Mercer.
4:48 of 1st period - Goal by Dawson Mercer - EDMONTON ICE : 1 - LONG BEACH BARACUDAS : 0.
4:49 of 1st period - Derek Stepan wins face-off versus Thomas Novak in neutral zone.
5:09 of 1st period - Shot by Derek Stepan.
5:09 of 1st period - Stopped by Jonathan Quick with a rebound.
5:25 of 1st period - Zach Whitecloud is hit by Derek Stepan and loses puck.
5:44 of 1st period - Shot by Andreas Athanasiou.
5:44 of 1st period - Shot Blocked by Zach Whitecloud.
7:53 of 1st period - Anton Lundell is hit by Calvin De Haan and loses puck.
8:11 of 1st period - Shot by Anthony Beauvillier.
8:11 of 1st period - Stopped by Pyotr Kochetkov without a rebound.
8:12 of 1st period - Ryan O'Reilly wins face-off versus Thomas Novak in LONG BEACH BARACUDAS zone.
8:12 of 1st period - Ryan O'Reilly is hit by Scott Laughton.
8:24 of 1st period - Shot by Ryan O'Reilly.
8:24 of 1st period - Shot Misses the Net.
8:34 of 1st period - Shot by Scott Laughton.
8:34 of 1st period - Shot Misses the Net.
8:36 of 1st period - Shot by Zach Whitecloud.
8:36 of 1st period - Stopped by Pyotr Kochetkov without a rebound.
8:37 of 1st period - Andreas Athanasiou wins face-off versus Dawson Mercer in LONG BEACH BARACUDAS zone.
9:03 of 1st period - Shot by Taylor Hall.
9:03 of 1st period - Stopped by Jonathan Quick with a rebound.
9:05 of 1st period - Shot by Andreas Athanasiou.
9:05 of 1st period - Shot Hit the Post.
9:07 of 1st period - Shot by Teuvo Teravainen.
9:07 of 1st period - Shot Blocked by Joshua Mahura.
9:53 of 1st period - Shot by Jaden Schwartz.
9:53 of 1st period - Stopped by Jonathan Quick without a rebound.
9:54 of 1st period - Jack Eichel wins face-off versus Derek Stepan in EDMONTON ICE zone.
10:25 of 1st period - Peyton Krebs is hit by Michael Matheson.
10:54 of 1st period - Off-side.
10:55 of 1st period - Evgeny Dadonov wins face-off versus Teuvo Teravainen in neutral zone.
11:50 of 1st period - Shot by Mark Stone.
11:50 of 1st period - Stopped by Jonathan Quick without a rebound.
11:51 of 1st period - Ryan O'Reilly wins face-off versus Dawson Mercer in EDMONTON ICE zone.
11:56 of 1st period - Shot by Jaden Schwartz.
11:56 of 1st period - Shot Blocked by Ryan Graves.
12:22 of 1st period - Dawson Mercer is hit by Scott Harrington and loses puck.
13:22 of 1st period - Shot by Jack Eichel.
13:22 of 1st period - Stopped by Pyotr Kochetkov without a rebound.
13:23 of 1st period - Thomas Novak wins face-off versus William Karlsson in LONG BEACH BARACUDAS zone.
13:35 of 1st period - Icing by Jarred Tinordi.
13:36 of 1st period - Thomas Novak wins face-off versus Teuvo Teravainen in EDMONTON ICE zone.
13:38 of 1st period - Icing by Scott Laughton.
13:39 of 1st period - William Karlsson wins face-off versus Thomas Novak in EDMONTON ICE zone.
13:40 of 1st period - Shot by Kyle Connor.
13:40 of 1st period - Deflect By William Karlsson.
13:40 of 1st period - Stopped by Jonathan Quick with a rebound.
13:54 of 1st period - Shot by Kyle Connor.
13:54 of 1st period - Deflect By William Karlsson.
13:54 of 1st period - Shot Misses the Net.
14:11 of 1st period - Icing by Zach Whitecloud.
14:12 of 1st period - Teuvo Teravainen wins face-off versus Evgeny Dadonov in EDMONTON ICE zone.
14:24 of 1st period - Scott Laughton is hit by Andreas Athanasiou and loses puck.
14:36 of 1st period - Off-side.
14:37 of 1st period - Jack Eichel wins face-off versus William Karlsson in neutral zone.
14:39 of 1st period - Off-side.
14:40 of 1st period - Jack Eichel wins face-off versus Ryan O'Reilly in neutral zone.
14:44 of 1st period - Off-side.
14:45 of 1st period - Ryan O'Reilly wins face-off versus Jack Eichel in neutral zone.
14:48 of 1st period - Shot by Seth Jarvis.
14:48 of 1st period - Shot Blocked by Justin Barron.
14:51 of 1st period - Icing by Justin Barron.
14:52 of 1st period - Ryan O'Reilly wins face-off versus Alex Tuch in EDMONTON ICE zone.
15:06 of 1st period - Shot by Jack Eichel.
15:06 of 1st period - Shot Hit the Post.
15:08 of 1st period - Shot by Jack Eichel.
15:08 of 1st period - Shot Blocked by Jaden Schwartz.
15:10 of 1st period - Shot by Justin Barron.
15:10 of 1st period - Shot Misses the Net.
15:15 of 1st period - Shot by Alex Tuch.
15:15 of 1st period - Shot Misses the Net.
15:25 of 1st period - Shot by Gustav Nyquist.
15:25 of 1st period - Stopped by Pyotr Kochetkov without a rebound.
15:26 of 1st period - Thomas Novak wins face-off versus William Karlsson in LONG BEACH BARACUDAS zone.
15:57 of 1st period - Off-side.
15:58 of 1st period - Ryan O'Reilly wins face-off versus Jack Eichel in neutral zone.
16:01 of 1st period - Shot by Ryan O'Reilly.
16:01 of 1st period - Stopped by Jonathan Quick without a rebound.
16:02 of 1st period - Jack Eichel wins face-off versus Ryan O'Reilly in EDMONTON ICE zone.
16:35 of 1st period - Icing by Ryan O'Reilly.
16:36 of 1st period - Jaden Schwartz wins face-off versus Dawson Mercer in LONG BEACH BARACUDAS zone.
18:02 of 1st period - Icing by Zach Whitecloud.
18:03 of 1st period - Thomas Novak wins face-off versus Teuvo Teravainen in EDMONTON ICE zone.
18:03 of 1st period - Thomas Novak is hit by Taylor Hall.
18:11 of 1st period - Shot by Andreas Athanasiou.
18:11 of 1st period - Shot Misses the Net.
18:13 of 1st period - Shot by Teuvo Teravainen.
18:13 of 1st period - Deflect By Taylor Hall.
18:13 of 1st period - Goal by Taylor Hall - EDMONTON ICE : 1 - LONG BEACH BARACUDAS : 1.
18:14 of 1st period - William Karlsson wins face-off versus Jack Eichel in neutral zone.
18:17 of 1st period - Shot by William Karlsson.
18:17 of 1st period - Shot Misses the Net.
18:28 of 1st period - Alexander Romanov and Justin Barron fight to a draw.
18:28 of 1st period - Penalty to Alexander Romanov for Fighting.
18:28 of 1st period - Penalty to Justin Barron for Fighting.
18:28 of 1st period - Minor Penalty to Calvin De Haan for Elbowing.
18:28 of 1st period - Minor Penalty to Kyle Connor for High sticking.
18:28 of 1st period - Minor Penalty to Alex Tuch for Roughing.
18:28 of 1st period - Minor Penalty to Jack Eichel for Slashing.
18:28 of 1st period - Minor Penalty to Mark Stone for Hooking.
18:29 of 1st period - Dawson Mercer wins face-off versus Derek Stepan in LONG BEACH BARACUDAS zone.
18:30 of 1st period - Shot by Gustav Nyquist.
18:30 of 1st period - Shot Misses the Net.
19:14 of 1st period - Icing by Michael Matheson.
19:15 of 1st period - Dawson Mercer wins face-off versus Jaden Schwartz in EDMONTON ICE zone.
19:42 of 1st period - Icing by Zach Whitecloud.
19:43 of 1st period - Derek Stepan wins face-off versus Thomas Novak in EDMONTON ICE zone.
19:50 of 1st period - Shot by Evgeny Dadonov.
19:50 of 1st period - Stopped by Pyotr Kochetkov without a rebound.
19:51 of 1st period - Jaden Schwartz wins face-off versus Thomas Novak in LONG BEACH BARACUDAS zone.
Goals for this period are 1 for EDMONTON ICE vs 1 for LONG BEACH BARACUDAS.
Shots for this period are 9 for EDMONTON ICE vs 7 for LONG BEACH BARACUDAS.

2nd period


0:01 of 2nd period - Gustav Nyquist wins face-off versus Jaden Schwartz in neutral zone.
0:30 of 2nd period - Shot by Evgeny Dadonov.
0:30 of 2nd period - Stopped by Pyotr Kochetkov with a rebound.
0:43 of 2nd period - Thomas Novak is hit by Calvin De Haan and loses puck.
1:30 of 2nd period - Anton Lundell is hit by Matt Irwin and loses puck.
1:42 of 2nd period - Minor Penalty to Matt Irwin for Holding.
1:43 of 2nd period - Jack Eichel wins face-off versus Andreas Athanasiou in LONG BEACH BARACUDAS zone.
1:50 of 2nd period - Shot by Andreas Athanasiou.
1:50 of 2nd period - Stopped by Jonathan Quick without a rebound.
1:51 of 2nd period - Jack Eichel wins face-off versus William Karlsson in EDMONTON ICE zone.
3:55 of 2nd period - Shot by Evgeny Dadonov.
3:55 of 2nd period - Shot Misses the Net.
4:09 of 2nd period - Shot by Taylor Hall.
4:09 of 2nd period - Shot Blocked by Jarred Tinordi.
4:35 of 2nd period - Shot by Anton Lundell.
4:35 of 2nd period - Stopped by Pyotr Kochetkov without a rebound.
4:36 of 2nd period - Ryan O'Reilly wins face-off versus Jack Eichel in LONG BEACH BARACUDAS zone.
4:52 of 2nd period - Shot by Jack Eichel.
4:52 of 2nd period - Stopped by Pyotr Kochetkov without a rebound.
4:53 of 2nd period - Anton Lundell wins face-off versus William Karlsson in LONG BEACH BARACUDAS zone.
5:32 of 2nd period - Shot by Tanner Jeannot.
5:32 of 2nd period - Deflect By Anthony Beauvillier.
5:32 of 2nd period - Shot Misses the Net.
5:34 of 2nd period - Shot by Anthony Beauvillier.
5:34 of 2nd period - Shot Misses the Net.
6:02 of 2nd period - Shot by Alex Tuch.
6:02 of 2nd period - Stopped by Pyotr Kochetkov without a rebound.
6:03 of 2nd period - Ryan O'Reilly wins face-off versus Thomas Novak in LONG BEACH BARACUDAS zone.
6:03 of 2nd period - Ryan O'Reilly is hit by Scott Laughton.
6:13 of 2nd period - Shot by Seth Jarvis.
6:13 of 2nd period - Shot Misses the Net.
6:16 of 2nd period - Icing by Scott Laughton.
6:17 of 2nd period - Teuvo Teravainen wins face-off versus Thomas Novak in EDMONTON ICE zone.
6:22 of 2nd period - Shot by Teuvo Teravainen.
6:22 of 2nd period - Stopped by Jonathan Quick without a rebound.
6:23 of 2nd period - Jack Eichel wins face-off versus Jaden Schwartz in EDMONTON ICE zone.
6:38 of 2nd period - Shot by Jaden Schwartz.
6:38 of 2nd period - Stopped by Jonathan Quick with a rebound.
7:34 of 2nd period - Shot by Anthony Mantha.
7:34 of 2nd period - Shot Hit the Post.
7:52 of 2nd period - Shot by Dawson Mercer.
7:52 of 2nd period - Deflect By Anthony Mantha.
7:52 of 2nd period - Shot Blocked by Justin Braun.
8:09 of 2nd period - Icing by Justin Braun.
8:10 of 2nd period - Thomas Novak wins face-off versus William Karlsson in LONG BEACH BARACUDAS zone.
8:25 of 2nd period - Shot by Scott Laughton.
8:25 of 2nd period - Stopped by Pyotr Kochetkov with a rebound.
8:27 of 2nd period - Shot by Thomas Novak.
8:27 of 2nd period - Shot Blocked by Justin Braun.
8:29 of 2nd period - Shot by Thomas Novak.
8:29 of 2nd period - Stopped by Pyotr Kochetkov without a rebound.
8:30 of 2nd period - Jack Eichel wins face-off versus Teuvo Teravainen in LONG BEACH BARACUDAS zone.
10:25 of 2nd period - Icing by Jarred Tinordi.
10:26 of 2nd period - Ryan O'Reilly wins face-off versus Thomas Novak in EDMONTON ICE zone.
10:58 of 2nd period - Icing by Jarred Tinordi.
10:59 of 2nd period - William Karlsson wins face-off versus Thomas Novak in EDMONTON ICE zone.
11:12 of 2nd period - Icing by William Karlsson.
11:13 of 2nd period - William Karlsson wins face-off versus Jack Eichel in LONG BEACH BARACUDAS zone.
11:41 of 2nd period - Icing by Michael Matheson.
11:42 of 2nd period - Ryan O'Reilly wins face-off versus Alex Tuch in EDMONTON ICE zone.
12:03 of 2nd period - Shot by Seth Jarvis.
12:03 of 2nd period - Shot Blocked by Gustav Nyquist.
12:05 of 2nd period - Shot by Alexander Romanov.
12:05 of 2nd period - Stopped by Jonathan Quick without a rebound.
12:06 of 2nd period - William Karlsson wins face-off versus Thomas Novak in EDMONTON ICE zone.
12:15 of 2nd period - Icing by Ryan Graves.
12:16 of 2nd period - Ryan O'Reilly wins face-off versus Thomas Novak in EDMONTON ICE zone.
12:16 of 2nd period - Seth Jarvis is hit by Ryan Graves.
12:19 of 2nd period - Icing by Ryan Graves.
12:20 of 2nd period - Ryan O'Reilly wins face-off versus Thomas Novak in EDMONTON ICE zone.
12:20 of 2nd period - Seth Jarvis is hit by Ryan Graves and loses puck.
12:27 of 2nd period - Shot by Scott Laughton.
12:27 of 2nd period - Stopped by Pyotr Kochetkov without a rebound.
12:28 of 2nd period - Jack Eichel wins face-off versus Ryan O'Reilly in LONG BEACH BARACUDAS zone.
13:04 of 2nd period - Shot by Jack Eichel.
13:04 of 2nd period - Shot Misses the Net.
13:48 of 2nd period - Shot by Dawson Mercer.
13:48 of 2nd period - Stopped by Pyotr Kochetkov without a rebound.
13:49 of 2nd period - Thomas Novak wins face-off versus William Karlsson in LONG BEACH BARACUDAS zone.
13:50 of 2nd period - Shot by Scott Laughton.
13:50 of 2nd period - Shot Misses the Net.
13:52 of 2nd period - Shot by Evgeny Dadonov.
13:52 of 2nd period - Stopped by Pyotr Kochetkov without a rebound.
13:53 of 2nd period - Mark Stone wins face-off versus Thomas Novak in LONG BEACH BARACUDAS zone.
14:30 of 2nd period - Shot by Scott Laughton.
14:30 of 2nd period - Shot Misses the Net.
14:35 of 2nd period - Icing by Kyle Connor.
14:36 of 2nd period - William Karlsson wins face-off versus Gustav Nyquist in LONG BEACH BARACUDAS zone.
14:41 of 2nd period - Shot by Kyle Connor.
14:41 of 2nd period - Stopped by Jonathan Quick without a rebound.
14:42 of 2nd period - Dawson Mercer wins face-off versus Teuvo Teravainen in EDMONTON ICE zone.
14:47 of 2nd period - Shot by Taylor Hall.
14:47 of 2nd period - Shot Blocked by Justin Barron.
14:49 of 2nd period - Shot by Teuvo Teravainen.
14:49 of 2nd period - Shot Blocked by Ryan Graves.
15:10 of 2nd period - Scott Harrington is hit by Anthony Mantha and loses puck.
15:28 of 2nd period - Icing by Justin Barron.
15:29 of 2nd period - William Karlsson wins face-off versus Anthony Mantha in EDMONTON ICE zone.
15:46 of 2nd period - Icing by Alexander Romanov.
15:47 of 2nd period - William Karlsson wins face-off versus Jack Eichel in LONG BEACH BARACUDAS zone.
15:47 of 2nd period - William Karlsson is hit by Alex Tuch.
16:02 of 2nd period - Shot by Alex Tuch.
16:02 of 2nd period - Shot Misses the Net.
16:04 of 2nd period - Shot by Alex Tuch.
16:04 of 2nd period - Stopped by Pyotr Kochetkov with a rebound.
16:06 of 2nd period - Shot by Gustav Nyquist.
16:06 of 2nd period - Shot Misses the Net.
16:08 of 2nd period - Shot by Alex Tuch.
16:08 of 2nd period - Stopped by Pyotr Kochetkov without a rebound.
16:09 of 2nd period - Thomas Novak wins face-off versus Ryan O'Reilly in LONG BEACH BARACUDAS zone.
16:18 of 2nd period - Shot by Scott Laughton.
16:18 of 2nd period - Shot Misses the Net.
16:38 of 2nd period - Shot by Ryan O'Reilly.
16:38 of 2nd period - Goal by Ryan O'Reilly - EDMONTON ICE : 1 - LONG BEACH BARACUDAS : 2.
16:39 of 2nd period - Jack Eichel wins face-off versus William Karlsson in neutral zone.
16:53 of 2nd period - Shot by Jack Eichel.
16:53 of 2nd period - Stopped by Pyotr Kochetkov without a rebound.
16:54 of 2nd period - Dawson Mercer wins face-off versus Teuvo Teravainen in LONG BEACH BARACUDAS zone.
17:03 of 2nd period - Shot by Taylor Hall.
17:03 of 2nd period - Stopped by Jonathan Quick without a rebound.
17:04 of 2nd period - Jack Eichel wins face-off versus Derek Stepan in EDMONTON ICE zone.
17:24 of 2nd period - Shot by Seth Jarvis.
17:24 of 2nd period - Stopped by Jonathan Quick without a rebound.
17:25 of 2nd period - William Karlsson wins face-off versus Thomas Novak in EDMONTON ICE zone.
17:38 of 2nd period - Shot by Scott Laughton.
17:38 of 2nd period - Shot Misses the Net.
17:46 of 2nd period - Shot by Evgeny Dadonov.
17:46 of 2nd period - Shot Misses the Net.
17:48 of 2nd period - Shot by Ryan Graves.
17:48 of 2nd period - Shot Misses the Net.
18:34 of 2nd period - Shot by Jaden Schwartz.
18:34 of 2nd period - Shot Hit the Post.
18:52 of 2nd period - Shot by Alex Tuch.
18:52 of 2nd period - Shot Blocked by Justin Braun.
18:54 of 2nd period - Shot by Michael Matheson.
18:54 of 2nd period - Shot Misses the Net.
19:09 of 2nd period - Shot by Gustav Nyquist.
19:09 of 2nd period - Shot Misses the Net.
19:11 of 2nd period - Shot by Jack Eichel.
19:11 of 2nd period - Stopped by Pyotr Kochetkov without a rebound.
19:12 of 2nd period - Dawson Mercer wins face-off versus Teuvo Teravainen in LONG BEACH BARACUDAS zone.
Goals for this period are 0 for EDMONTON ICE vs 1 for LONG BEACH BARACUDAS.
Shots for this period are 13 for EDMONTON ICE vs 8 for LONG BEACH BARACUDAS.

3rd period


0:01 of 3rd period - Jack Eichel wins face-off versus William Karlsson in neutral zone.
0:10 of 3rd period - Shot by Kyle Connor.
0:10 of 3rd period - Shot Blocked by Shea Theodore.
0:12 of 3rd period - Shot by William Karlsson.
0:12 of 3rd period - Deflect By Kyle Connor.
0:12 of 3rd period - Stopped by Jonathan Quick with a rebound.
0:40 of 3rd period - Shea Theodore is hit by Kyle Connor and loses puck.
1:11 of 3rd period - Shot by Seth Jarvis.
1:11 of 3rd period - Stopped by Jonathan Quick without a rebound.
1:12 of 3rd period - Andreas Athanasiou wins face-off versus Thomas Novak in EDMONTON ICE zone.
2:25 of 3rd period - Shot by Anthony Beauvillier.
2:25 of 3rd period - Shot Misses the Net.
2:27 of 3rd period - Shot by Zach Whitecloud.
2:27 of 3rd period - Stopped by Pyotr Kochetkov with a rebound.
2:29 of 3rd period - Shot by Dawson Mercer.
2:29 of 3rd period - Shot Misses the Net.
2:35 of 3rd period - Shot by Anthony Beauvillier.
2:35 of 3rd period - Stopped by Pyotr Kochetkov with a rebound.
2:37 of 3rd period - Shot by Anthony Beauvillier.
2:37 of 3rd period - Shot Misses the Net.
2:41 of 3rd period - Shot by Dawson Mercer.
2:41 of 3rd period - Stopped by Pyotr Kochetkov with a rebound.
3:03 of 3rd period - Shot by Alex Tuch.
3:03 of 3rd period - Stopped by Pyotr Kochetkov with a rebound.
3:42 of 3rd period - Shot by Jack Eichel.
3:42 of 3rd period - Shot Misses the Net.
3:53 of 3rd period - Off-side.
3:54 of 3rd period - Thomas Novak wins face-off versus William Karlsson in neutral zone.
4:10 of 3rd period - Shot by Kyle Connor.
4:10 of 3rd period - Stopped by Jonathan Quick with a rebound.
4:12 of 3rd period - Shot by Kyle Connor.
4:12 of 3rd period - Deflect By Mark Stone.
4:12 of 3rd period - Goal by Mark Stone - EDMONTON ICE : 1 - LONG BEACH BARACUDAS : 3.
4:13 of 3rd period - Anton Lundell wins face-off versus Teuvo Teravainen in neutral zone.
4:21 of 3rd period - Andreas Athanasiou is hit by Jarred Tinordi and loses puck.
4:51 of 3rd period - Icing by Jarred Tinordi.
4:52 of 3rd period - Kyle Connor wins face-off versus Anton Lundell in EDMONTON ICE zone.
4:54 of 3rd period - William Karlsson is hit by Zach Whitecloud and loses puck.
5:20 of 3rd period - Mark Stone is hit by Justin Barron.
5:24 of 3rd period - Shot by Kyle Connor.
5:24 of 3rd period - Stopped by Jonathan Quick with a rebound.
5:50 of 3rd period - Shot by Scott Laughton.
5:50 of 3rd period - Goal by Scott Laughton - EDMONTON ICE : 2 - LONG BEACH BARACUDAS : 3.
5:51 of 3rd period - Jack Eichel wins face-off versus Taylor Hall in neutral zone.
5:54 of 3rd period - Andreas Athanasiou is hit by Jack Eichel and loses puck.
6:05 of 3rd period - Shot by Taylor Hall.
6:05 of 3rd period - Deflect By Andreas Athanasiou.
6:05 of 3rd period - Shot Misses the Net.
6:10 of 3rd period - Icing by Jack Eichel.
6:11 of 3rd period - Derek Stepan wins face-off versus Jack Eichel in EDMONTON ICE zone.
6:28 of 3rd period - Shot by Alex Tuch.
6:28 of 3rd period - Shot Misses the Net.
6:38 of 3rd period - Shot by Alex Tuch.
6:38 of 3rd period - Stopped by Pyotr Kochetkov with a rebound.
7:37 of 3rd period - Shot by Mark Stone.
7:37 of 3rd period - Shot Blocked by Dawson Mercer.
7:49 of 3rd period - Shot by Kyle Connor.
7:49 of 3rd period - Stopped by Jonathan Quick with a rebound.
7:51 of 3rd period - Shot by William Karlsson.
7:51 of 3rd period - Shot Misses the Net.
8:38 of 3rd period - Shot by Andreas Athanasiou.
8:38 of 3rd period - Shot Misses the Net.
8:40 of 3rd period - Shot by Teuvo Teravainen.
8:40 of 3rd period - Stopped by Jonathan Quick without a rebound.
8:41 of 3rd period - Ryan O'Reilly wins face-off versus Evgeny Dadonov in EDMONTON ICE zone.
9:43 of 3rd period - Jack Eichel is hit by Alexander Romanov and loses puck.
10:06 of 3rd period - Shot by Alex Tuch.
10:06 of 3rd period - Deflect By Jack Eichel.
10:06 of 3rd period - Shot Misses the Net.
10:13 of 3rd period - Off-side.
10:14 of 3rd period - William Karlsson wins face-off versus Anton Lundell in neutral zone.
10:18 of 3rd period - Off-side.
10:19 of 3rd period - Thomas Novak wins face-off versus William Karlsson in neutral zone.
11:15 of 3rd period - Alex Tuch is hit by Andreas Athanasiou and loses puck.
11:32 of 3rd period - Shot by Jack Eichel.
11:32 of 3rd period - Shot Misses the Net.
11:34 of 3rd period - Shot by Jack Eichel.
11:34 of 3rd period - Shot Misses the Net.
12:49 of 3rd period - Shot by Evgeny Dadonov.
12:49 of 3rd period - Shot Misses the Net.
13:07 of 3rd period - Shot by William Karlsson.
13:07 of 3rd period - Stopped by Jonathan Quick with a rebound.
13:45 of 3rd period - Shot by Alex Tuch.
13:45 of 3rd period - Shot Misses the Net.
14:23 of 3rd period - Shot by Anthony Beauvillier.
14:23 of 3rd period - Shot Misses the Net.
14:25 of 3rd period - Shot by Jarred Tinordi.
14:25 of 3rd period - Shot Blocked by Alexander Romanov.
14:27 of 3rd period - Shot by Dawson Mercer.
14:27 of 3rd period - Shot Misses the Net.
14:30 of 3rd period - Icing by Calvin De Haan.
14:31 of 3rd period - Ryan O'Reilly wins face-off versus Anton Lundell in LONG BEACH BARACUDAS zone.
14:31 of 3rd period - Ryan O'Reilly is hit by Tanner Jeannot.
14:34 of 3rd period - Seth Jarvis is hit by Tanner Jeannot and loses puck.
15:15 of 3rd period - Icing by Taylor Hall.
15:16 of 3rd period - Derek Stepan wins face-off versus Thomas Novak in LONG BEACH BARACUDAS zone.
15:16 of 3rd period - Derek Stepan is hit by Scott Laughton.
15:47 of 3rd period - Shot by Scott Laughton.
15:47 of 3rd period - Stopped by Pyotr Kochetkov without a rebound.
15:48 of 3rd period - William Karlsson wins face-off versus Jack Eichel in LONG BEACH BARACUDAS zone.
15:57 of 3rd period - Shot by Mark Stone.
15:57 of 3rd period - Shot Misses the Net.
16:25 of 3rd period - Jack Eichel is hit by Mark Stone and loses puck.
17:10 of 3rd period - Shot by Jaden Schwartz.
17:10 of 3rd period - Goal by Jaden Schwartz - EDMONTON ICE : 2 - LONG BEACH BARACUDAS : 4.
17:11 of 3rd period - William Karlsson wins face-off versus Dawson Mercer in neutral zone.
18:21 of 3rd period - Scott Laughton is hit by Alexander Romanov.
18:32 of 3rd period - Minor Penalty to Scott Laughton for Goalie Interference.
18:33 of 3rd period - Anton Lundell wins face-off versus Teuvo Teravainen in EDMONTON ICE zone.
18:33 of 3rd period - Anton Lundell is hit by Matt Irwin.
18:49 of 3rd period - Shot by Kyle Connor.
18:49 of 3rd period - Shot Misses the Net.
18:51 of 3rd period - Shot by Teuvo Teravainen.
18:51 of 3rd period - Shot Blocked by Zach Whitecloud.
19:22 of 3rd period - Icing by Scott Harrington.
19:23 of 3rd period - Seth Jarvis wins face-off versus Anton Lundell in LONG BEACH BARACUDAS zone.
Goals for this period are 1 for EDMONTON ICE vs 2 for LONG BEACH BARACUDAS.
Shots for this period are 7 for EDMONTON ICE vs 9 for LONG BEACH BARACUDAS.


BLAKE
WHEELER
STEVEN
STAMKOS
DREW
DOUGHTY

EAST COAST

HOCKEY LEAGUE

  • 63.RHI2PIT5
  • 64.WOR4ATL3
  • 65.QUECHW
  • 66.CHATRV